 Dungeon Crawl Stone Soup version 0.17-a0-1485-g22cb0ee (webtiles) character file.

76805 pulse the Peltast (level 16, 0/126 HPs)
             Began as a Formicid Berserker on July 5, 2015.
             Was the Champion of Trog.
             Killed from afar by FooOfBar's ghost (33 damage)
             ... with a bolt of negative energy
             ... on level 2 of the Swamp.
             The game lasted 01:37:57 (27100 turns).

pulse the Peltast (Formicid Berserker)             Turns: 27100, Time: 01:37:57

Health: 0/126      AC: 32    Str: 32    XL:     16   Next: 3%
Magic:  17/17      EV: 13    Int: 10    God:    Trog [******]
Gold:   1264       SH: 26    Dex: 20    Spells: 0 memorised, 15 levels left

rFire  + + +     SeeInvis +     n - +7 great mace "Firestarter" {inner flame, rF++}
rCold  x . .     Clarity  .     d - +8 chain mail of Forking Paths {Str+6}
rNeg   . . .     SustAt   .     t - +2 large shield
rPois  +         Gourm    .     (helmet unavailable)
rElec  +         Spirit   .     D - +2 cloak
rCorr  .         Warding  .     H - +0 pair of gloves
rMut   .         Stasis   +     U - +2 pair of boots {Fly}
MR     +++..                    V - amulet "Abituh" {rElec Regen+ Int+2 Dex+3}
Stlth  ..........               A - ring of fire
                                Z - ring of poison resistance

@: agile, flying, regenerating, very heavily drained, extremely resistant to
hostile enchantments, extremely unstealthy
A: permanent stasis, dig shafts and tunnels, four strong arms, antennae 3,
iridescent scales 1, large bone plates 1, wild magic 1
a: Dig, Shaft Self, Burn Spellbooks, Trog's Hand, Brothers in Arms, Renounce
Religion, Stop Flying


You were on level 2 of the Swamp.
You worshipped Trog.
Trog was exalted by your worship.
You were hungry.

You visited 6 branches of the dungeon, and saw 26 of its levels.
You also visited: Trove and Ice Cave.

You collected 4256 gold pieces.
You spent 2992 gold pieces at shops.

Inventory:

Hand weapons
 i - a +1 executioner's axe of freezing
 n - the +7 great mace "Firestarter" (weapon) {inner flame, rF++}
   (You found it in an ice cave)

   It has been specially enchanted to burn those struck by it, causing extra
   injury to most foes and up to half again as much damage against particularly
   susceptible opponents.
   It greatly protects you from fire.
 o - a +7 vampiric battleaxe
Armour
 d - the +8 chain mail of Forking Paths (worn) {Str+6}
   (You found it on level 5 of the Lair of Beasts)

   It affects your strength (+6).
 g - a +1 crystal plate armour
 t - a +2 large shield (worn)
 D - a +2 cloak (worn)
 H - a +0 pair of gloves (worn)
 U - a +2 pair of boots of flying (worn)
Jewellery
 k - an uncursed ring of ice
 v - an uncursed ring of sustain attributes
 A - a ring of fire (right hand)
 N - a +3 ring of slaying
 V - the amulet "Abituh" (around neck) {rElec Regen+ Int+2 Dex+3}
   (You bought it in a shop on level 4 of the Orcish Mines)

   [amulet of regeneration]

   It affects your intelligence (+2).
   It affects your dexterity (+3).
   It insulates you from electricity.
   It increases your rate of regeneration.
 Z - a ring of poison resistance (left hand)
Magical devices
 a - a wand of digging (11)
 f - a wand of teleportation (5)
 q - a wand of cold (7)
 u - a wand of slowing (24)
 y - a wand of fire (0)
 G - a wand of cold (2)
 K - a wand of draining (0)
 O - a wand of teleportation (4)
 W - a wand of lightning (11)
Scrolls
 h - a scroll of enchant weapon
 l - 3 scrolls of magic mapping
 p - 4 scrolls of fear
 r - 3 scrolls of amnesia
 s - a scroll of immolation
 w - 5 scrolls of remove curse
 B - 3 scrolls of noise
 I - a scroll of fog
 J - 8 scrolls of identify
Potions
 b - 3 potions of cancellation
 e - 4 potions of might
 j - 2 potions of cure mutation
 x - a potion of lignification {unknown}
 C - 3 potions of magic
 F - 3 potions of curing
 Q - a potion of brilliance
 S - 3 potions of agility
Comestibles
 c - 11 bread rations
 m - 26 fruits
 z - 7 royal jellies
 E - a beef jerky
 L - 2 chunks of flesh


   Skills:
 + Level 11.4(7.8) Fighting
 * Level 16.0(12.2) Axes
 + Level 5.9(8.4) Maces & Flails
 + Level 10.0(6.5) Armour
 - Level 1.7(0.0) Dodging
 * Level 17.8(13.7) Shields
 + Level 2.1(0.0) Evocations


You had 15 spell levels left.
You didn't know any spells.

Dungeon Overview and Level Annotations

Branches:
Dungeon (11/15)            Temple (1/1) D:4            Lair (7/8) D:8
  Swamp (2/4) Lair:3        Snake (1/4) Lair:3          Orc (4/4) D:10
    Elf (0/3) Orc:4
  Slime: Lair:6-8

Altars:
Ashenzari
Cheibriados
Dithmenos
Elyvilon
Fedhas
Gozag
Kikubaaqudgha
Makhleb
Nemelex Xobeh
Okawaru
Qazlal
Ru
Sif Muna
Trog
Vehumet
Xom
Yredelemnul
Zin
The Shining One
Beogh

Shops:
Orc:1 *   Orc:4 ?[*!(

Annotations:
Swamp:2 FooOfBar's ghost, mighty DrTm


Innate Abilities, Weirdness & Mutations

You are under a permanent stasis effect.
You can dig through walls and to a lower floor.
Your four strong arms can wield two-handed weapons with a shield.
You have a pair of large antennae on your head (SInv).
You are partially covered in iridescent scales (AC +4).
You are partially covered in large bone plates (AC +2, SH +2).
Your spells are a little harder to cast, but a little more powerful.


Message History

You block the vampire mosquito's attack. x2
FooOfBar's ghost breathes negative energy at you.
The bolt of negative energy hits the vampire mosquito.
The vampire mosquito completely resists.
The bolt of negative energy hits you!
You feel drained.
* * * LOW HITPOINT WARNING * * *
The vampire mosquito misses you.
You block the vampire mosquito's attack.
FooOfBar's ghost whispers, "Trust me.
Just give in."
The vampire mosquito barely misses you.
You block the vampire mosquito's attack.
You block the vampire mosquito's attack.
The vampire mosquito barely misses you.
You block the vampire mosquito's attack.
The vampire mosquito bites you but does no damage. x2
You block the vampire mosquito's attack. x2
FooOfBar's ghost breathes negative energy at you.
The bolt of negative energy misses the vampire mosquito.
The bolt of negative energy hits you!
You feel drained.
You die...

≈≈≈≈≈≈.≈♣♣♣♣♣..≈≈.≈≈.(.≈≈≈≈......
..≈≈≈≈..♣ ♣≈=≈≈..≈≈≈≈.≈≈≈≈......
.......♣♣ ♣♣≈≈≈.....♣♣♣♣.≈≈≈≈≈.≈≈
≈≈≈≈..♣♣ ♣..≈>.....≈♣ ♣♣≈≈≈≈≈≈≈≈
≈≈≈≈.>.♣♣♣♣♣..≈....^.♣ ♣♣?≈≈≈...
≈≈≈≈...≈.............♣♣♣♣♣.≈≈≈.≈.
§≈≈.♣....≈≈.≈≈...y≈...≈♣♣≈.≈.≈♣♣♣
≈.........≈♣♣....y≈≈.≈≈..≈...≈≈♣#
..≈......♣♣ ♣♣≈.@y..≈≈≈.≈......##
(.≈..<...♣ ♣.≈≈y§.≈.≈≈.......##
≈≈≈≈ ♣♣≈≈≈.§...≈≈..#.###.
♣♣..♣♣W.≈≈§..####.#
♣..♣♣.≈......#....
♣♣♣♣♣≈♣♣♣......##....
.♣≈≈≈.(.♣♣..#####[....
...≈≈≈≈≈..≈≈.#.##.#..≈.
♣..≈≈≈≈≈≈....##......≈.


You could see 4 vampire mosquitoes and FooOfBar's ghost.

Vanquished Creatures
  Maud (D:10)
  Nessos (Orc:3)
  Snorg (Orc:1)
  The ghost of Rayvis the Nimble, a powerful MiFi of Okawaru (D:11)
  Josephine (Swamp:1)
  Erolcha (Orc:1)
  An ice dragon (Orc:2)
  5 hydras
  6 alligators (Swamp:1)
  A ghost crab (Swamp:1)
  The ghost of pulse the Fighter, an experienced FoBe of Trog (D:10)
  A queen ant (Lair:4)
  7 hell knights (D:10)
  The ghost of urechis the Grappler, an experienced TrMo (D:10)
  A shock serpent (Lair:3)
  3 orc high priests (Orc:4)
  2 ice devils (IceCv)
  3 spriggans
  A shambling mangrove (Swamp:1)
  A spriggan druid (Swamp:2)
  A swamp dragon (Swamp:1)
  2 ice statues (IceCv)
  4 orc knights (Orc:4)
  A lindwurm (Lair:2)
  3 orc sorcerers (Orc:4)
  A griffon (Lair:5)
  An oklob plant (Lair:7)
  9 elephants
  4 hornets
  A centaur zombie (D:10)
  4 black mambas
  13 spiny frogs
  7 komodo dragons
  3 polar bears (Orc:2)
  4 trolls
  6 blue devils (IceCv)
  8 giant leeches
  12 blink frogs
  A trapdoor spider zombie (D:10)
  2 two-headed ogres
  2 bog bodies
  A trapdoor spider (D:10)
  4 wraiths (Swamp:1)
  10 wyverns
  26 yaks
  2 shadows
  2 basilisks
  9 hippogriffs
  Grum (D:9)
  8 soldier ants
  4 hungry ghosts
  5 vampire mosquitoes (Swamp:1)
  7 hell hounds (D:10)
  9 swamp worms
  11 wolves
  2 wargs
  10 porcupines
  Duvessa (D:7)
  9 water moccasins
  2 ice beasts
  A phantom (D:10)
  11 ogres
  20 orc warriors
  A black bear (D:8)
  A sky beast (D:10)
  A necrophage (D:9)
  3 wasps
  4 centaurs
  13 giant frogs
  3 big kobolds
  A brain worm (D:10)
  15 crocodiles
  Dowan (D:7)
  A wyvern skeleton (D:10)
  A water moccasin skeleton (D:8)
  6 killer bees (D:7)
  A scorpion (D:10)
  2 troll zombies (D:10)
  5 wights (D:9)
  A quasit (D:7)
  A spectral centaur (D:9)
  3 crimson imps
  11 iguanas
  3 centaur skeletons
  3 giant frog skeletons
  29 orc wizards
  A jelly (D:10)
  3 giant frog zombies
  6 hounds
  17 orc priests
  32 worker ants
  12 sheep
  3 killer bee zombies
  4 ogre zombies (D:10)
  A hound skeleton (D:9)
  A worker ant zombie (D:3)
  Robin (D:3)
  3 gnolls (D:5)
  54 river rats
  15 adders
  2 shadow imps
  4 white imps (IceCv)
  6 ufetubi (IceCv)
  3 adder zombies
  5 worms
  An adder skeleton (D:6)
  10 giant geckos
  154 orcs
  12 bats
  A bat zombie (D:8)
  3 giant cockroaches
  27 goblins
  20 hobgoblins
  15 jackals
  4 ball pythons
  7 giant newts
  6 goblin zombies (D:10)
  A hobgoblin skeleton (D:10)
  A hobgoblin zombie (D:10)
  25 kobolds
  5 orc skeletons (D:10)
  6 orc zombies (D:10)
  5 quokkas
  A quokka skeleton (D:5)
  17 rats
  3 plants
891 creatures vanquished.

Vanquished Creatures (collateral kills)
  A hydra (Swamp:1)
  An alligator (Swamp:1)
2 creatures vanquished.

Vanquished Creatures (others)
  A spriggan (Swamp:1)
  A wasp (Swamp:1)
  An orc warrior (Orc:4)
  4 white imps (IceCv)
  3 ufetubi (IceCv)
  An orc (Orc:3)
  2 kobolds (D:7)
  10 fungi
  8 plants
31 creatures vanquished.

Grand Total: 924 creatures vanquished

Notes
Turn   | Place    | Note
--------------------------------------------------------------
     0 | D:1      | pulse the Formicid Berserker began the quest for the Orb.
     0 | D:1      | Reached XP level 1. HP: 18/18 MP: 1/1
   566 | D:1      | Reached XP level 2. HP: 24/24 MP: 2/2
  1144 | D:2      | Acquired Trog's second power
  1218 | D:2      | Gained mutation: Your spells are a little harder to cast, but a little more powerful. [potion of mutation]
  1218 | D:2      | Gained mutation: You are partially covered in large bone plates (AC +2, SH +2). [potion of mutation]
  1624 | D:2      | Reached XP level 3. HP: 29/29 MP: 3/3
  1977 | D:2      | Reached skill level 4 in Axes
  1977 | D:2      | Reached XP level 4. HP: 28/37 MP: 4/4
  2855 | D:3      | Reached XP level 5. HP: 37/42 MP: 5/5
  3016 | D:3      | Found a deep blue altar of Sif Muna.
  3236 | D:3      | Reached skill level 5 in Axes
  3346 | D:3      | Noticed Robin
  3359 | D:3      | Killed Robin
  3478 | D:4      | Reached XP level 6. HP: 44/48 MP: 6/6
  3703 | D:4      | Noticed an ogre
  3714 | D:4      | Gained mutation: You are partially covered in iridescent scales (AC +4). [potion of beneficial mutation]
  3725 | D:4      | Killed an ogre
  3725 | D:4      | Reached skill level 6 in Axes
  3725 | D:4      | Reached XP level 7. HP: 49/55 MP: 7/7
  3810 | D:4      | Found a staircase to the Ecumenical Temple.
  4439 | D:5      | Entered Level 5 of the Dungeon
  4535 | D:5      | Found a sacrificial altar of Ru.
  4611 | D:5      | Acquired Trog's third power
  4744 | D:5      | Reached skill level 5 in Fighting
  4744 | D:5      | Reached skill level 7 in Axes
  4978 | D:5      | Reached XP level 8. HP: 44/62 MP: 8/8
  5414 | D:6      | Found a burning altar of Makhleb.
  5414 | D:6      | Found a glowing silver altar of Zin.
  5415 | D:6      | Noticed an angel
  5415 | D:6      | Noticed a green death
  5452 | D:6      | Reached skill level 8 in Axes
  5535 | D:6      | Found a shadowy altar of Dithmenos.
  5560 | D:6      | Reached skill level 5 in Armour
  5935 | D:6      | Found an iron altar of Okawaru.
  6043 | D:7      | Reached XP level 9. HP: 69/69 MP: 9/9
  6044 | D:7      | Reached skill level 9 in Axes
  6094 | D:7      | Noticed a two-headed ogre
  6101 | D:7      | Killed a two-headed ogre
  6325 | D:7      | Noticed Dowan
  6326 | D:7      | Noticed Duvessa
  6334 | D:7      | Killed Duvessa
  6359 | D:7      | Killed Dowan
  6359 | D:7      | Reached skill level 1 in Shields
  6581 | D:7      | Reached skill level 10 in Axes
  6600 | D:7      | Found a radiant altar of Vehumet.
  6892 | D:8      | Reached XP level 10. HP: 75/77 MP: 10/10
  7039 | D:8      | Found a staircase to the Lair.
  7039 | D:8      | Noticed an elephant
  7044 | D:8      | Reached skill level 5 in Shields
  7062 | D:8      | Killed an elephant
  7092 | D:8      | Found a snail-covered altar of Cheibriados.
  7168 | D:8      | Found a sparkling altar of Nemelex Xobeh.
  7190 | D:8      | Found a glowing golden altar of the Shining One.
  7334 | D:8      | Found a shattered altar of Ashenzari.
  7534 | D:9      | Received a gift from Trog
  7614 | D:9      | Found a stormy altar of Qazlal.
  7790 | D:9      | Reached skill level 11 in Axes
  7876 | D:9      | Reached skill level 1 in Evocations
  8214 | D:9      | Noticed Grum
  8226 | D:9      | Reached XP level 11. HP: 66/84 MP: 11/11
  8233 | D:9      | Killed Grum
  8585 | D:10     | Entered Level 10 of the Dungeon
  8682 | D:10     | Noticed Maud
  8685 | D:10     | Found a portal to a secret trove of treasure.
  8725 | D:10     | Killed Maud
  8725 | D:10     | Reached skill level 12 in Axes
  8725 | D:10     | Reached skill level 10 in Shields
  8850 | D:10     | Noticed urechis's ghost (experienced TrMo)
  9209 | D:10     | Killed urechis's ghost
 10137 | D:10     | Found a staircase to the Orcish Mines.
 10477 | D:10     | Received a gift from Trog
 10591 | Lair:1   | Entered Level 1 of the Lair of Beasts
 10930 | Lair:1   | Reached XP level 12. HP: 92/92 MP: 13/13
 11127 | Lair:1   | Noticed an eight-headed hydra
 11135 | Lair:1   | Killed a six-headed hydra
 11730 | Lair:2   | Noticed a six-headed hydra
 11731 | Lair:2   | Reached skill level 13 in Axes
 11745 | Lair:2   | Killed a two-headed hydra
 12821 | Orc:1    | Entered Level 1 of the Orcish Mines
 12835 | Orc:1    | Received a gift from Trog
 12843 | Orc:1    | Found Mablepubb's Assorted Antiques.
 13041 | Orc:1    | Noticed Erolcha
 13057 | Orc:1    | Killed Erolcha
 13071 | Orc:1    | Bought a scroll labeled VOTAR VEEHORU for 28 gold pieces
 13071 | Orc:1    | Bought a scroll labeled POWILEHIRGH for 28 gold pieces
 13071 | Orc:1    | Bought a scroll of identify for 56 gold pieces
 13071 | Orc:1    | Bought a scroll labeled GIUSOL GITE for 28 gold pieces
 13071 | Orc:1    | Bought a scroll labeled JAUDOIXK BUAPI for 28 gold pieces
 13135 | Orc:1    | Noticed Snorg
 13148 | Orc:1    | Killed Snorg
 13631 | Orc:2    | Found a roughly hewn altar of Beogh.
 13671 | Orc:2    | Found a frozen archway.
 13672 | Orc:2    | Noticed an ice dragon
 13676 | Orc:2    | Reached XP level 13. HP: 101/101 MP: 14/14
 13695 | Orc:2    | Killed an ice dragon
 13725 | IceCv    | Entered an ice cave
 14024 | IceCv    | Reached skill level 14 in Axes
 15314 | Orc:2    | Received a gift from Trog
 15352 | Orc:3    | Noticed Nessos
 15752 | Orc:3    | Killed Nessos
 16367 | Orc:4    | Entered Level 4 of the Orcish Mines
 16435 | Orc:4    | Found Sadd's Magic Scroll Boutique.
 16465 | Orc:4    | Bought a scroll of remove curse for 42 gold pieces
 16465 | Orc:4    | Bought a scroll of enchant armour for 105 gold pieces
 16465 | Orc:4    | Bought a scroll of identify for 28 gold pieces
 16465 | Orc:4    | Bought a scroll of remove curse for 42 gold pieces
 16596 | Orc:4    | Found a staircase to the Elven Halls.
 16832 | Orc:4    | Received a gift from Trog
 17097 | Orc:4    | Reached skill level 15 in Axes
 17106 | Orc:4    | Reached XP level 14. HP: 96/109 MP: 15/15
 17107 | Orc:4    | Found Maeka's Weapon Shop.
 17107 | Orc:4    | Found Cooc's Antique Armour Emporium.
 17118 | Orc:4    | Found Pahelyhimp's Distillery.
 17118 | Orc:4    | Found Femn's General Store.
 17128 | Orc:4    | Bought a potion of might for 48 gold pieces
 17128 | Orc:4    | Bought a potion of curing for 36 gold pieces
 17128 | Orc:4    | Bought a potion of flight for 36 gold pieces
 17128 | Orc:4    | Bought a potion of curing for 36 gold pieces
 17128 | Orc:4    | Bought a potion of might for 48 gold pieces
 17128 | Orc:4    | Bought a potion of agility for 48 gold pieces
 17128 | Orc:4    | Bought a potion of curing for 36 gold pieces
 17133 | Orc:4    | Bought a pair of runed boots for 139 gold pieces
 17144 | Orc:4    | Bought the amulet "Abituh" {rElec Regen+ Int+2 Dex+3} for 599 gold pieces
 17315 | Orc:1    | Received a gift from Trog
 17388 | D:10     | Noticed pulse's ghost (experienced FoBe)
 17407 | D:10     | Killed pulse's ghost
 17413 | D:10     | Noticed a hell knight
 17421 | D:10     | Killed a hell knight
 17518 | D:10     | Noticed a hell knight
 17521 | D:10     | Noticed a hell knight
 17523 | D:10     | Noticed a hell knight
 17526 | D:10     | Noticed a hell knight
 17666 | D:10     | You paid a toll of a +5 demon whip to enter a treasure trove
 17667 | Trove    | Entered a treasure trove
 17733 | Trove    | Identified Hyng's Papyrus of Envenoming
 17763 | Trove    | Got a vibrating bone ring
 18000 | Orc:4    | Bought a warped plate armour for 868 gold pieces
 18024 | Orc:4    | Identified the cursed +0 plate armour of Sorcery {MP+9 Int+5 Slay-5} (You bought it in a shop on level 4 of the Orcish Mines)
 18044 | Orc:4    | Identified the cursed ring of Jufoq {MR- Str-3 Dex-5 SInv Stlth+} (You found it in a treasure trove)
 18237 | D:10     | Noticed a hell knight
 18352 | D:10     | Killed a hell knight
 18352 | D:10     | Reached skill level 10 in Fighting
 18406 | D:10     | Reached skill level 15 in Shields
 18409 | D:10     | Killed a hell knight
 18421 | D:10     | Killed a hell knight
 18429 | D:10     | Killed a hell knight
 18678 | D:10     | Killed a hell knight
 18686 | D:10     | Noticed a hell knight
 18693 | D:10     | Killed a hell knight
 19026 | Lair:3   | Reached skill level 1 in Maces & Flails
 19427 | Lair:3   | Found a staircase to the Snake Pit.
 19482 | Lair:3   | Found a staircase to the Swamp.
 19647 | Snake:1  | Entered Level 1 of the Snake Pit
 20081 | Lair:4   | Received a gift from Trog
 20137 | Lair:4   | Received a gift from Trog
 20281 | Lair:4   | Found an iron altar of Okawaru.
 21024 | Lair:5   | Reached skill level 16 in Shields
 21205 | Lair:5   | Identified a scroll of acquirement
 21347 | Lair:5   | Got a smoking chain mail
 21358 | Lair:5   | Identified the +8 chain mail of Forking Paths {Str+6} (You found it on level 5 of the Lair of Beasts)
 21621 | Lair:5   | Received a gift from Trog
 22573 | Lair:6   | Reached XP level 15. HP: 117/117 MP: 16/16
 23211 | Lair:7   | Received a gift from Trog
 24175 | Lair:7   | Reached skill level 17 in Shields
 24673 | Temple   | Entered the Ecumenical Temple
 24915 | D:11     | Noticed Rayvis's ghost (powerful MiFi)
 24926 | D:11     | Killed Rayvis's ghost
 24926 | D:11     | Reached skill level 5 in Maces & Flails
 25089 | Orc:4    | Bought a shiny plate armour for 713 gold pieces
 25417 | Swamp:1  | Entered Level 1 of the Swamp
 25753 | Swamp:1  | Noticed Josephine
 25762 | Swamp:1  | Killed Josephine
 25983 | Swamp:1  | Received a gift from Trog
 26859 | Swamp:2  | Reached skill level 10 in Armour
 26863 | Swamp:2  | Reached XP level 16. HP: 119/126 MP: 17/17
 27075 | Swamp:2  | Noticed FooOfBar's ghost (mighty DrTm)
 27100 | Swamp:2  | Killed from afar by FooOfBar's ghost

Vault maps used:
D:1:      scummos_arrival_gate, minivault_11
D:3:      kennysheep_goblin_castle, led_sif_pool, minivault_5
D:4:      minmay_temple_entry_glassed_door, first_bread
D:5:      nicolae_ru_sacrificial_ziggurat
D:6:      grunt_temple_overflow_order_and_chaos_2, kennysheep_mini,
          nicolae_dithmenos_shadow_blocks
D:7:      vehumet_altar_wand_db, uniq_duvessa
D:8:      cheibriados_altar_1, kennysheep_little_box, minitemple,
          david_lair_generic
D:9:      nicolae_overflow_crystal_walls, uniq_grum
D:10:     zombieorc1_lemuel, nicolae_trove_entry_free_sample,
          hangedman_pestilent_swarm, hangedman_weighted_door, hex_medium,
          minmay_rotating_lava, uniq_maud
D:11:     serial_shops, nicolae_shop_window_shopping
Temple:   circular_temple_pool_8
Lair:1:   serial_bayou_shore_b
Lair:2:   hangedman_lair_generics_rect
Lair:3:   minmay_swamp_entry_worms, dummy_snake_entry
Lair:4:   basic_altar, zaba_antful_of_joy
Lair:5:   serial_bayou_pond_e, lemuel_fruit_tree, lemuel_fruit_fields
Lair:6:   serial_bayou_shore_b
Lair:7:   beast_lair_carwin_10
Swamp:1:  evilmike_swamp_ruin_house_5, uniq_josephine
Swamp:2:  hangedman_swamp_ruin_wall, swamp_pool5, ldierk_geyser,
          infiniplex_staircase_pool
Snake:1:  serial_shops, nicolae_shop_stone
Orc:1:    serial_shops, nicolae_shop_trees, uniq_erolcha, uniq_snorg
Orc:2:    portal_ice_cave_entry_animals_and_master, basic_altar
Orc:3:    nicolae_orc_pool_cavern, uniq_nessos
Orc:4:    grunt_orc_tribal_feast, serial_shops, nicolae_shop_stone
Trove:    trove_garden
IceCv:    ice_cave_small_demon

Action                   |  1- 3 |  4- 6 |  7- 9 | 10-12 | 13-15 | 16-18 || total
-------------------------+-------+-------+-------+-------+-------+-------++-------
Melee: Hand axe          |    93 |   204 |   396 |   594 |       |       ||  1287
       Short sword       |    18 |       |       |       |       |       ||    18
       Broad axe         |       |       |       |   257 |   119 |       ||   376
       Executioner's axe |       |       |       |    17 |    16 |       ||    33
       Battleaxe         |       |       |       |       |   267 |       ||   267
       Great mace        |       |       |       |       |   590 |    22 ||   612
Invok: Burn Spellbooks   |       |       |     1 |     3 |     6 |       ||    10
       Trog's Hand       |       |       |       |     1 |     5 |     1 ||     7
       Brothers in Arms  |       |       |       |       |     1 |       ||     1
 Abil: Evoke Flight      |       |       |       |       |     1 |       ||     1
Evoke: Wand              |       |       |     4 |     9 |     7 |       ||    20
  Use: Scroll            |     6 |     4 |     8 |     4 |    26 |     1 ||    49
       Potion            |     3 |     3 |     2 |     3 |     7 |     2 ||    20
 Stab: Sleeping          |     1 |       |       |       |       |       ||     1
       Invisible         |       |       |     2 |       |       |       ||     2
  Eat: Chunk             |     3 |     6 |     5 |     8 |    28 |       ||    50
       Beef jerky        |       |       |     2 |       |     5 |       ||     7
       Fruit             |       |       |     1 |       |     1 |       ||     2
       Royal jelly       |       |       |     1 |       |     5 |       ||     6
       Meat ration       |       |       |       |     2 |       |       ||     2
       Bread ration      |       |       |       |     1 |       |       ||     1
       Pizza             |       |       |       |       |     6 |       ||     6
